 Dungeon Crawl Stone Soup version 0.30.1 (webtiles) character file.

Game seed: 17325758119705721940

121143 SprigganGuy the Nimble (level 16, -12/88 HPs)
             Began as a Spriggan Brigand on July 3, 2023.
             Was the Champion of Dithmenos.
             Killed from afar by a deep elf knight (33 damage)
             ... with a shard of ice
             ... on level 2 of the Elven Halls.
             The game lasted 01:14:12 (32941 turns).

SprigganGuy the Nimble (Spriggan Brigand)          Turns: 32941, Time: 01:14:13

Health: -12/88     AC: 11    Str: 14    XL:     16   Next: 31%
Magic:  23/23      EV: 38    Int: 15    God:    Dithmenos [******]
Gold:   3276       SH:  0    Dex: 34    Spells: 15/15 levels left

rFire   . . .        w - +11 demon blade of Sin {flame, rElec Will- Str+7 SInv}
rCold   . . .        (no shield)
rNeg    . . .        b - +4 troll leather armour
rPois   .            F - +1 hat
rElec   +            c - +1 cloak
rCorr   .            (gloves unavailable)
SInv    +            (boots unavailable)
Will    +....        (no amulet)
Stlth   ++++++++++   Q - +6 ring of dexterity
HPRegen 1.14/turn    y - +6 ring of dexterity
MPRegen 0.18/turn

%: no passive effects
@: wreathed by umbra, very quick
A: very small, no large weapons, unfitting armour, see invisible, speed 3
a: Renounce Religion, Shadow Step, Shadow Form


You were on level 2 of the Elven Halls.
You worshipped Dithmenos.
Dithmenos was exalted by your worship.
You visited 4 branches of the dungeon, and saw 24 of its levels.
You also visited: Wizlab.

You collected 3312 gold pieces.
You spent 36 gold pieces at shops.

Inventory:

Hand Weapons
 f - a +0 arbalest
 n - a +3 dagger of venom
 w - the +11 demon blade of Sin (weapon) {flame, rElec Will- Str+7 SInv}
   (You acquired it on level 13 of the Dungeon)

   Str:       It affects your strength (+7).
   rElec:     It insulates you from electricity.
   SInv:      It lets you see invisible.
   Will:      It decreases your willpower.
 B - a +2 short sword of holy wrath
 G - a +3 shortbow
 W - a +0 scimitar of electrocution
Missiles
 d - 50 poisoned darts
 e - 8 curare-tipped darts (quivered)
 U - a throwing net
Armour
 b - a +4 troll leather armour (worn)
 c - a +1 cloak (worn)
 h - a +2 robe of fire resistance
 F - a +1 hat (worn)
 O - the +0 robe "Joxyruts" {rElec Will++ MP+9 Dex+3}
   (You found it on level 9 of the Dungeon)

   Dex:       It affects your dexterity (+3).
   rElec:     It insulates you from electricity.
   MP:        It affects your magic capacity (+9).
   Will:      It greatly increases your willpower.
Jewellery
 j - a +4 ring of protection
 m - a ring of positive energy
 p - a +5 ring of evasion
 s - a ring of ice
 t - a ring of protection from cold
 y - a +6 ring of dexterity (right hand)
 z - a ring of fire
 A - a +5 ring of evasion
 L - a +4 ring of protection
 Q - a +6 ring of dexterity (left hand)
Wands
 u - a wand of flame (54)
 C - a wand of charming (7)
 J - a wand of digging (5)
 P - a wand of iceblast (1)
 S - a wand of polymorph (4)
Scrolls
 a - a scroll of enchant weapon
 k - 3 scrolls of poison
 v - a scroll of fear
 D - 3 scrolls of fog
 E - a scroll of enchant armour
 H - 8 scrolls of teleportation
 R - 4 scrolls of magic mapping
Potions
 g - 4 potions of might
 i - 9 potions of curing
 l - 6 potions of lignification
 o - a potion of ambrosia
 q - 3 potions of mutation
 r - 6 potions of brilliance
 x - 2 potions of magic
 I - 3 potions of haste
 K - 3 potions of cancellation
 N - a potion of resistance
 T - 2 potions of flight
 V - 3 potions of attraction


   Skills:
 + Level 11.5 Fighting
 - Level 9.1(14.1) Short Blades
 - Level 13.3(14.0) Long Blades
 + Level 13.2 Ranged Weapons
 - Level 2.0 Throwing
 - Level 4.1 Armour
 + Level 14.2 Dodging
 + Level 10.6 Stealth
 + Level 8.8 Invocations


You had 15 spell levels left.
You didn't know any spells.
Your spell library contained the following spells:

 Spells                   Type           Power      Damage    Failure   Level
 Apportation              Tloc           0%         N/A       32%         1
 Magic Dart               Conj           0%         1d3       32%         1
 Sting                    Tmut/Pois      0%         1d3       32%         1
 Summon Small Mammal      Summ           0%         N/A       32%         1
 Call Imp                 Summ           0%         N/A       45%         2
 Ensorcelled Hibernation  Hex/Ice        0%         N/A       45%         2
 Passwall                 Tmut/Erth      0%         N/A       45%         2
 Poisonous Vapours        Pois/Air       0%         N/A       45%         2
 Searing Ray              Conj           0%         2d4       45%         2
 Call Canine Familiar     Summ           0%         N/A       69%         3
 Dazzling Flash           Conj/Hex       0%         N/A       69%         3
 Mephitic Cloud           Conj/Pois/Air  0%         N/A       69%         3
 Summon Guardian Golem    Hex/Summ       0%         N/A       69%         3
 Swiftness                Air            0%         N/A       69%         3
 Volatile Blastmotes      Fire/Tloc      0%         2d10      69%         3
 Fulminant Prism          Conj/Hex       0%         3d5       97%         4
 Iskenderun's Mystic Bla  Conj/Tloc      0%         2d3       97%         4
 Manifold Assault         Tloc           0%         N/A       97%         4
 Olgreb's Toxic Radiance  Pois           0%         N/A       97%         4
 Summon Lightning Spire   Summ/Air       0%         N/A       97%         4
 Alistair's Intoxication  Tmut/Pois      0%         N/A       100%        5
 Borgnjor's Vile Clutch   Necr/Erth      0%         N/A       100%        5
 Dispersal                Tloc           0%         N/A       100%        6
 Eringya's Noxious Bog    Tmut/Pois      0%         N/A       100%        6
 Starburst                Conj/Fire      0%         6d3       100%        6
 Storm Form               Tmut/Air       0%         N/A       100%        7
 Disjunction              Tloc           0%         N/A       100%        8
 Maxwell's Capacitive Co  Air            0%         ∞         100%        8
 Chain Lightning          Conj/Air       0%         N/A       100%        9
 Fire Storm               Conj/Fire      0%         5d1       100%        9
 Shatter                  Erth           0%         3d5*      100%        9


Dungeon Overview and Level Annotations

Branches:
Dungeon (15/15)            Temple (0/1) D:7            Lair (5/5) D:11
 Shoals (0/4) Lair:2        Snake (0/4) Lair:3        Slime (0/5) Lair:5
    Orc (2/2) D:12            Elf (2/3) Orc:2        Vaults (0/5) D:13
 Depths (0/4) D:15         WizLab (visited)

Altars:
Dithmenos
Elyvilon
Kikubaaqudgha
Nemelex Xobeh
Ru
Vehumet
The Shining One
Jiyva

Shops:
D:3 *   D:4 [   D:10 [   D:14 (   Orc:2 *(((

Portals:
Trove: Elf:1 (give 9 potions of haste)

Annotations:
D:3 3 runed translucent doors, erynZofia's ghost, amateur GrHu
D:9 2 transporters
D:10 Josephine
Elf:1 exclusion: orange crystal statue


Innate Abilities, Weirdness & Mutations

You are very small and have problems with some larger weapons.
You are too small for most types of armour.
You have supernaturally acute eyesight. (SInv)
You cover ground extremely quickly. (Speed+++)


Message History

You start resting.
HP restored.
You see here a +3 short sword of draining.
There is an open door here.
Things that are here:
a +0 scale mail; a +0 long sword; an elf skeleton
There is a large open door here.
u - a wand of flame (54) (gained 11 charges)
You see here a +0 short sword.
You now have 3276 gold pieces (gained 20).
A deep elf zephyrmancer is nearby!
The deep elf knight shouts!
The deep elf knight casts a spell.
The deep elf knight flickers and vanishes for a moment.
The deep elf knight shoots an arrow.
The arrow hits you.
The deep elf zephyrmancer shouts!
You slice the deep elf zephyrmancer!! You burn the deep elf zephyrmancer!
You kill the deep elf zephyrmancer!
Dithmenos accepts your kill.
The deep elf knight shoots an arrow.
The arrow completely misses you. The +2 heavy dire flail hits you!!
You miss the +2 heavy dire flail. The +2 heavy dire flail hits you!!
You slice the +2 heavy dire flail!! You burn the +2 heavy dire flail.
The +2 heavy dire flail falls from the air.
Dithmenos accepts your kill.
The deep elf knight shoots an arrow.
The arrow completely misses you.
The deep elf knight shoots an arrow.
The arrow completely misses you.
The deep elf knight points at you and mumbles some strange words.
The shard of ice misses you.
You slice the deep elf knight!! You burn the deep elf knight.
The deep elf knight is heavily wounded.
Your shadow barely misses the deep elf knight.
The deep elf knight gestures at you while chanting.
The shard of ice hits you!!
* * * LOW HITPOINT WARNING * * *
You closely miss the deep elf knight.
The deep elf knight is heavily wounded.
The deep elf knight points at you and mumbles some strange words.
The shard of ice hits you!!
You die...

#....$...# #...)....#
....######........#
........'.[......+
#..######........# #..#
#.......)# #..#
#.......##
##''######......#####'#
##..............@.......
#...............e.......
.........................
.........................
.........................
.........................
.........................
........................#
.....>.................#


You could see a deep elf knight (invisible).

Vanquished Creatures
  A deep elf sorcerer (Elf:2)
  2 deep elf demonologists
  A lorocyproca (WizLab)
  A deep elf annihilator (Elf:1)
  A dire elephant (D:15)
  4 vault guards (D:13)
  8 hydras
  4 ogre magi
  A rakshasa (D:14)
  A catoblepas (Lair:5)
  10 boulder beetles
  A death knight (D:13)
  6 centaur warriors
  A tengu warrior (D:13)
  11 two-headed ogres
  6 dancing weapons (Elf:2)
  A death yak (Lair:5)
  Urug (D:10)
  A skyshark (Lair:5)
  6 deep elf knights
  Lodul (D:11)
  3 skeletal warriors (D:13)
  2 goliath frogs (Lair:5)
  6 deep elf archers
  19 deep elf pyromancers
  2 orc knights
  18 deep elf zephyrmancers
  8 ugly things
  2 orc sorcerers
  4 manticores
  A salamander (D:15)
  A cyclops (D:13)
  9 elephants
  3 black mambas
  2 rust devils (WizLab)
  A guardian serpent (Lair:5)
  7 orange demons
  An unseen horror (D:12)
  6 rime drakes
  21 cane toads
  A rime drake (shapeshifter) (D:12)
  6 komodo dragons
  3 ice devils (WizLab)
  4 red devils
  2 freezing wraiths (D:14)
  2 hellwings (WizLab)
  9 trolls
  A polar bear (shapeshifter) (D:15)
  3 polar bears
  A tyrant leech (Lair:5)
  A snapping turtle (Lair:2)
  21 blink frogs
  Sigmund (D:2)
  2 shadows
  14 slime creatures
  2 water elementals
  2 air elementals (Elf:1)
  A vampire (D:12)
  4 basilisks
  3 wyverns
  5 wraiths
  28 yaks
  A fire elemental (Elf:2)
  2 steam dragons
  A warg (Orc:1)
  16 vampire mosquitoes
  2 nagas (Lair:3)
  14 water moccasins
  2 acid dragons
  2 hell hounds (Lair:2)
  A swamp drake (Orc:1)
  19 orc warriors
  4 ice beasts (D:11)
  5 sky beasts
  A black bear (D:8)
  42 ogres
  13 wolves
  9 centaurs
  14 bullfrogs
  4 kobold brigands
  An earth elemental (Elf:2)
  3 gnoll sergeants (D:12)
  3 scorpions
  3 wights (D:7)
  18 killer bees
  6 howler monkeys
  A crimson imp (Orc:1)
  3 hounds
  2 gnoll boudas
  8 orc priests
  An iron imp (Orc:1)
  Jessica (D:2)
  4 iguanas
  3 sleepcaps
  15 orc wizards
  18 gnolls
  5 adders
  A shadow imp (Orc:1)
  4 white imps
  A worm (D:2)
  4 dart slugs
  51 orcs
  6 bats
  10 endoplasms
  7 giant cockroaches
  10 jackals
  23 kobolds
  4 ball pythons
  7 frilled lizards
  7 goblins
  5 rats
688 creatures vanquished.

Vanquished Creatures (others)
  A demonspawn blood saint (WizLab)
  A human (D:8)
  4 orcs (Orc:1)
6 creatures vanquished.

Grand Total: 694 creatures vanquished

Notes
Turn   | Place    | Note
-------+----------+-------------------------------------------
     0 | D:1      | SprigganGuy the Spriggan Brigand began the quest for the
                  | Orb.
     0 | D:1      | Reached XP level 1. HP: 10/10 MP: 2/2
   136 | D:1      | Reached skill level 2 in Dodging
   186 | D:1      | Reached XP level 2. HP: 15/15 MP: 3/3
   546 | D:2      | Noticed Sigmund
   557 | D:2      | Killed Sigmund
   558 | D:2      | Reached skill level 4 in Dodging
   558 | D:2      | Reached XP level 3. HP: 11/20 MP: 4/4
   558 | D:2      | Reached XP level 4. HP: 13/24 MP: 5/5
   558 | D:2      | Reached XP level 5. HP: 15/28 MP: 6/6
   795 | D:2      | Found a faded altar of an unknown god.
   876 | D:2      | Found a glowing golden altar of the Shining One.
   928 | D:2      | Noticed Jessica
   931 | D:2      | Killed Jessica
  1541 | D:3      | Reached XP level 6. HP: 32/32 MP: 7/7
  2468 | D:3      | Found Sucierch's General Store.
  2476 | D:3      | Bought a potion of curing for 36 gold pieces
  2480 | D:3      | Found a runed translucent gate.
  2481 | D:3      | Found a runed translucent gate.
  2482 | D:3      | Found a runed translucent gate.
  2487 | D:3      | Noticed erynZofia's ghost (amateur GrHu)
  2680 | D:4      | Identified the +2 hand axe of Saltpetre {protect, Dex+2}
  2745 | D:4      | Found a shadowy altar of Dithmenos.
  2842 | D:4      | Reached skill level 1 in Ranged Weapons
  3025 | D:4      | Reached skill level 5 in Short Blades
  3074 | D:4      | Found Ozeciwej's Armour Shoppe.
  3320 | D:4      | Reached XP level 7. HP: 37/37 MP: 8/8
  3477 | D:4      | Became a worshipper of Dithmenos the Shadowed
  3491 | D:5      | Entered Level 5 of the Dungeon
  4326 | D:5      | Found a glowing golden altar of the Shining One.
  4407 | D:6      | Reached skill level 1 in Invocations
  4448 | D:6      | Reached XP level 8. HP: 42/42 MP: 8/10
  4505 | D:6      | Reached * piety under Dithmenos
  4755 | D:6      | Reached skill level 5 in Fighting
  4863 | D:6      | Reached skill level 5 in Ranged Weapons
  4866 | D:6      | Found the +6 shillelagh "Devastator" {shatter}
  5286 | D:7      | Reached skill level 1 in Long Blades
  5432 | D:7      | Reached XP level 9. HP: 38/47 MP: 12/12
  5603 | D:7      | Found a staircase to the Ecumenical Temple.
  6325 | D:8      | Reached ** piety under Dithmenos
  6953 | D:8      | Found an ancient bone altar of Kikubaaqudgha.
  7066 | D:9      | Found a transporter.
  7088 | D:10     | Entered Level 10 of the Dungeon
  7088 | D:10     | Noticed a troll
  7090 | D:10     | Killed a troll
  7221 | D:10     | Reached skill level 5 in Invocations
  7347 | D:10     | Noticed Josephine
  7385 | D:9      | Reached XP level 10. HP: 37/53 MP: 14/14
  7613 | D:9      | Noticed a deep elf pyromancer
  7620 | D:9      | Found a transporter.
  8094 | D:9      | Identified the +0 robe "Joxyruts" {rElec Will++ MP+9 Dex+3}
  8668 | D:9      | Noticed a white ugly thing
  8669 | D:9      | Noticed a death knight
  9031 | D:10     | Found Hihuew's Armour Emporium.
  9069 | D:10     | Noticed Urug
  9075 | D:10     | Killed Urug
 10282 | D:11     | Noticed a manticore
 10285 | D:11     | Noticed Lodul
 10286 | D:11     | Killed a manticore
 10351 | D:11     | Noticed a boulder beetle
 10379 | D:11     | Killed a boulder beetle
 10758 | D:11     | Reached XP level 11. HP: 36/58 MP: 16/16
 11004 | D:11     | Reached *** piety under Dithmenos
 11298 | D:11     | Killed Lodul
 11306 | D:11     | Reached skill level 5 in Long Blades
 11357 | D:11     | Found a staircase to the Lair.
 11425 | D:11     | Reached skill level 5 in Dodging
 11959 | Lair:1   | Entered Level 1 of the Lair of Beasts
 12493 | Lair:1   | Noticed a five-headed hydra
 12501 | Lair:1   | Killed a five-headed hydra
 12502 | Lair:1   | Reached skill level 6 in Dodging
 12809 | Lair:1   | HP: 3/60 [poisoned by a cane toad]
 13364 | Lair:1   | Reached skill level 7 in Dodging
 13371 | Lair:1   | Reached XP level 12. HP: 61/64 MP: 18/18
 14357 | Lair:2   | Found a staircase to the Shoals.
 14650 | Lair:2   | Reached skill level 8 in Dodging
 14650 | Lair:2   | Reached skill level 10 in Stealth
 15366 | Lair:3   | Noticed a four-headed hydra
 15407 | Lair:3   | Killed a four-headed hydra
 15574 | Lair:3   | Found a staircase to the Snake Pit.
 15582 | Lair:3   | Reached skill level 10 in Ranged Weapons
 16574 | Lair:4   | Reached skill level 9 in Dodging
 16659 | Lair:4   | Reached **** piety under Dithmenos
 16829 | Lair:4   | Noticed a six-headed hydra
 16875 | Lair:4   | Killed a six-headed hydra
 17139 | Lair:4   | Found a sacrificial altar of Ru.
 17474 | Lair:4   | You fall into a shaft and drop 1 floor!
 17474 | Lair:5   | Entered Level 5 of the Lair of Beasts
 17474 | Lair:5   | Noticed a four-headed hydra
 17474 | Lair:5   | Found a viscous altar of Jiyva.
 17474 | Lair:5   | Found a staircase to the Slime Pits.
 17515 | Lair:5   | Found a frozen archway.
 17548 | Lair:5   | Noticed a boulder beetle
 17579 | Lair:5   | Killed a boulder beetle
 17580 | Lair:5   | Reached XP level 13. HP: 43/70 MP: 19/19
 18065 | Lair:5   | Reached skill level 10 in Dodging
 19832 | Lair:4   | Reached skill level 11 in Dodging
 20129 | Lair:5   | Reached skill level 10 in Fighting
 21255 | Lair:5   | Found the +3 pair of seven-league boots {Rampage+∞}
 21400 | Lair:5   | Identified the +9 spear "Tasixen" {freeze, *Corrode rPois
                  | Str+4}
 21460 | Lair:5   | Reached skill level 12 in Dodging
 21475 | Lair:5   | Reached XP level 14. HP: 56/77 MP: 20/20
 22441 | D:12     | Found a staircase to the Orcish Mines.
 23367 | Orc:1    | Entered Level 1 of the Orcish Mines
 23369 | Orc:1    | Reached ***** piety under Dithmenos
 23451 | D:13     | Reached skill level 1 in Armour
 23471 | D:13     | Found a gate to the Vaults.
 24613 | Orc:2    | Entered Level 2 of the Orcish Mines
 25621 | Orc:2    | Reached skill level 13 in Dodging
 25984 | Orc:2    | Found Veavoat's Antique Weapon Shoppe.
 25984 | Orc:2    | Found Ekkuiw's Weapon Shop.
 25985 | Orc:2    | Found Pumedif's Weapon Shop.
 25985 | Orc:2    | Found Riupua's General Store.
 26158 | Orc:2    | Found a staircase to the Elven Halls.
 27403 | D:13     | Reached XP level 15. HP: 61/82 MP: 21/21
 27604 | D:13     | Identified a scroll of acquirement
 27604 | D:13     | Acquired the +11 demon blade of Sin {flame, rElec Will-
                  | Str+7 SInv}
 28417 | D:14     | Reached skill level 10 in Long Blades
 28614 | D:14     | Found Jomuxtot's Weapon Shoppe.
 28940 | D:14     | Found a white marble altar of Elyvilon.
 29026 | D:15     | Entered Level 15 of the Dungeon
 29125 | D:15     | Found a sparkling altar of Nemelex Xobeh.
 29353 | D:15     | Reached ****** piety under Dithmenos
 29547 | D:15     | Found a staircase to the Depths.
 29817 | Elf:1    | Entered Level 1 of the Elven Halls
 29910 | Elf:1    | Found a magical portal.
 29919 | WizLab   | Entered The Hall of the Hellbinder
 30713 | Elf:1    | Found a radiant altar of Vehumet.
 30790 | Elf:1    | Paralysed by an air elemental for 1 turns
 30796 | Elf:1    | Found a portal to a secret trove of treasure.
 30798 | Elf:1    | Paralysed by an air elemental for 1 turns
 31717 | Elf:1    | Found the +27 heavy crossbow "Sniper" {heavy, Acc+∞ SInv}
 31724 | Elf:1    | Found the ring of the Hare {EV+10}
 31864 | Elf:1    | Reached XP level 16. HP: 87/87 MP: 23/23
 32523 | Elf:2    | Reached skill level 14 in Dodging
 32941 | Elf:2    | Killed from afar by a deep elf knight

Illustrated notes

Levels and vault maps discovered:
D:1:      dpeg_arrival_pits, layout_rooms
D:2:      layout_basic, hellmonk_ecumenical_altar_lost_god, basic_altar,
          amcnicky_mini_corridor_feature, uniq_jessica, uniq_sigmund
D:3:      layout_basic, serial_shops, nicolae_shop_just_a_little_nook,
          gammafunk_ghost_necromancy
D:4:      layout_basic, grunt_dithmenos_smoke, serial_shops,
          nicolae_shop_waterfront
D:5:      layout_rooms, nicolae_tso_carved_into_rock
D:6:      layout_cave_pools, palyth_stone_intersect,
          dilly_guarded_unrand_devastator
D:7:      layout_basic, minmay_temple_entry_statues_fountains
D:8:      layout_rooms, tgw_kikubaaqudgha
D:9:      gammafunk_the_bubble [the_bubble_gammafunk_crates],
          layout_irregular_city, hex_tiny, dk_noncrumbling_2
D:10:     layout_roguey, serial_shops, shop, uniq_josephine, uniq_urug
D:11:     layout_basic, hellmonk_lair_entry_icy, minmay_crystal_room, uniq_lodul
D:12:     layout_roguey, kennysheep_orc_monster_closet_entryway, kb_rosetta
D:13:     layout_layer_cave, lightli_vaults_fourway_checkpoint,
          minmay_beelzebubs_servants
D:14:     layout_cave_pools, nicolae_elyvilon_temple_path, special_room
          [special_room_orc], serial_shops, nicolae_shop_stone
D:15:     hangedman_depths_entry_try_elsewhere_first, layout_irregular_city,
          grunt_decor_mini_mirrors, nemelex_spade_bored_becter
Lair:1:   layout_cave_pods, infiniplex_staircase_pool
Lair:2:   layout_hall_layers, minmay_shoals_entry_hut, enter_volcano_3,
          minmay_lindwurm_lava
Lair:3:   layout_chaotic_city, guppyfry_snake_entry_island
Lair:4:   layout_regular_city, basic_altar
Lair:5:   minmay_lair_end_frog_pond, layout_gridlike,
          minmay_slime_entry_pillars, portal_ice_cave_rime,
          minmay_stone_trees_small, st_stairs_8,
          hellmonk_guarded_unrand_seven_league_boots
Orc:1:    layout_caves, hangedman_minor_magic
Orc:2:    st_orc_ogre_mass, layout_caves
Elf:1:    nicolae_elf_arrival_fired_up, layout_onion_city, enter_trove_0,
          mu_enter_wizlab_5, basic_altar, minivault_15, lemuel_upstairs_altar
Elf:2:    elven_hall_of_blades_hangedman_original [mumra_blade_entry_bloodbath],
          layout_gridlike

Skill      XL: |  1  2  3  4  5  6  7  8  9 10 11 12 13 14 15 16 |
---------------+-------------------------------------------------+-----
Dodging        | 2 4 7 9 12 13 14 | 14.2
Fighting       | 3 4 5 6 7 8 9 10 11 | 11.5
Short Blades   | 3 4 5 6 7 8 9 |  9.1
Ranged Weapons | 1 3 5 6 8 9 10 11 12 13 | 13.2
Invocations    | 1 3 5 6 7 8 |  8.8
Long Blades    | 1 3 4 6 7 8 9 12 13 | 13.3
Stealth        | 6 9 10 | 10.6
Armour         | 4 |  4.1
Throwing       | |  2.0

Action                     |  1- 3 |  4- 6 |  7- 9 | 10-12 | 13-15 | 16-18 || total
---------------------------+-------+-------+-------+-------+-------+-------++-------
  Melee: Dagger            |    59 |    94 |   152 |   540 |   582 |       ||  1427
         Punch             |       |     2 |     1 |     7 |    19 |     1 ||    30
         Short sword       |       |       |       |     6 |    43 |       ||    49
         Scimitar          |       |       |       |     1 |   249 |       ||   250
         Demon blade       |       |       |       |       |   317 |    95 ||   412
   Fire: Sling             |       |    97 |    92 |       |       |       ||   189
         Shortbow          |       |       |   142 |   605 |   519 |       ||  1266
         Arbalest          |       |       |       |       |     4 |     9 ||    13
  Throw: Dart              |     2 |       |       |       |       |       ||     2
 Invoke: Shadow Step       |       |       |       |     3 |     5 |       ||     8
  Evoke: Wand              |       |       |       |     1 |    16 |       ||    17
    Use: Scroll            |       |    15 |     3 |     4 |    20 |     1 ||    43
         Potion            |       |       |       |       |     8 |       ||     8
   Stab: Sleeping          |     6 |    12 |     6 |    11 |    39 |     2 ||    76
         Distracted        |     1 |       |     2 |     1 |     8 |     2 ||    14
         Invisible         |       |       |       |       |     2 |       ||     2
 Armour: Robe              |    10 |    14 |    29 |    55 |    47 |       ||   155
         Troll leather arm |       |       |       |       |    50 |     3 ||    53
  Dodge: Dodged            |    39 |    58 |   163 |   571 |  1357 |    64 ||  2252
